 Dungeon Crawl Stone Soup version 0.20.1-1-g8b1a95d (console) character file.

100 hilaritas the Ruffian (level 4, -5/44 HPs)
             Began as a Troll Fighter on Dec 2, 2017.
             Killed from afar by Sigmund (8 damage)
             ... with a magic dart
             ... on level 3 of the Dungeon.
             The game lasted 00:03:02 (1530 turns).

hilaritas the Ruffian (Troll Fighter)               Turns: 1530, Time: 00:03:03

Health: -5/44      AC:  6    Str: 26 (29) XL:     4   Next: 47%
Magic:  3/3        EV:  8    Int:  4 (5)  God:
Gold:   76         SH:  9    Dex:  7 (9)  Spells: 3/3 levels left

rFire    . . .     SeeInvis .     - Unarmed
rCold    . . .     Gourm    +   b - +0 shield
rNeg     . . .     Faith    .   a - +0 robe
rPois    .         Spirit   .   (helmet restricted)
rElec    .         Reflect  .   r - +0 cloak
rCorr    .         Harm     .   (gloves unavailable)
MR       .....                  (boots unavailable)
Stlth    +.........             (no amulet)
Regen    0.6/turn               (no ring)
MPRegen  0.1/turn               (no ring)

@: mighty
A: unfitting armour, claws 3, fast metabolism 3, gourmand, regeneration 1,
shaggy fur 1, tough skin 2
a: no special abilities


You were on level 3 of the Dungeon.
You were very full.

You visited 1 branch of the dungeon, and saw 3 of its levels.

You collected 76 gold pieces.

Inventory:

Hand Weapons
 n - a +0 whip
Armour
 a - a +0 robe (worn)
 b - a +0 shield (worn)
 r - a +0 cloak (worn)
Jewellery
 g - an uncursed amulet of rage {unknown}
 i - an uncursed ring of see invisible {unknown}
 m - an uncursed ring of flight {unknown}
Scrolls
 e - 2 scrolls of identify {unknown}
 f - 2 scrolls of remove curse {unknown}
 k - a scroll of magic mapping {unknown}
 l - a scroll of fog {unknown}
 o - a scroll of enchant armour {unknown}
 p - a scroll of teleportation {unknown}
 t - a scroll of recharging {unknown}
Comestibles
 d - 3 bread rations
 h - a meat ration
 j - 2 royal jellies
 s - a chunk of flesh


   Skills:
 + Level 2.9 Fighting
 - Level 2.4 Dodging
 + Level 3.0 Shields
 * Level 3.7 Unarmed Combat


You had 3 spell levels left.
You didn't know any spells.

Dungeon Overview and Level Annotations

Branches:
Dungeon (3/15)

Altars:
Nemelex Xobeh
Zin

Annotations:
D:3 Sigmund


Innate Abilities, Weirdness & Mutations

You are too large for most types of armour.
You have claws for hands.
Your metabolism is lightning-fast.
You like to eat raw meat.
Your natural rate of healing is unusually fast.
You are covered in fur. (AC +1)
You have very tough skin. (AC +2)


Message History

Something tries to affect you, but you resist.
You miss something.
You hear some strange, mumbled words.
A puff of flame appears from out of thin air!
The puff of flame hits you!
* * * LOW HITPOINT WARNING * * *
It was a potion of degeneration.
There was something very wrong with that liquid.
You feel weakened.
You feel dopey.
You feel clumsy.
You hear some strange, mumbled words.
Something tries to affect you, but you resist.
You feel very mighty all of a sudden. Something hits you.
* * * LOW HITPOINT WARNING * * *
A rat comes into view.
You closely miss something.
You hear some strange, mumbled words.
A magic dart appears from out of thin air!
The magic dart hits you!
You die...

######### ### ##
##<....... ..#
.###......... ..
......[....<. ##.#
.##.#........ #..
###..######## #.#
.###..†)..# #.#
..#######.#### #@#
#.#..........# #{#
.#..........# #.#
...........# #.#####
#..........###...$.###
#...........#r......=##
####...###.....P..P...#
#.#. #.............
#..#. ##..P......P.. ..
##....(.......
#.............


You could see a rat.

Vanquished Creatures
  Jessica (D:3)
  3 gnolls (D:2)
  A dart slug (D:2)
  2 leopard geckos (D:1)
  4 orcs (D:3)
  4 ball pythons
  3 giant cockroaches
  4 hobgoblins
  3 bats
  A frilled lizard (D:1)
  3 goblins
  4 kobolds
  5 rats (D:1)
38 creatures vanquished.

Notes
Turn   | Place    | Note
-------+----------+-------------------------------------------
     0 | D:1      | hilaritas the Troll Fighter began the quest for the Orb.
     0 | D:1      | Reached XP level 1. HP: 22/22 MP: 0/0
   162 | D:1      | Reached XP level 2. HP: 29/29 MP: 1/1
   770 | D:2      | Reached XP level 3. HP: 35/36 MP: 2/2
  1173 | D:2      | Found a sparkling altar of Nemelex Xobeh.
  1331 | D:2      | Found a glowing silver altar of Zin.
  1415 | D:3      | Noticed Jessica
  1421 | D:3      | Killed Jessica
  1421 | D:3      | Reached XP level 4. HP: 41/44 MP: 3/3
  1487 | D:3      | Noticed Sigmund
  1530 | D:3      | Killed from afar by Sigmund

Skill      XL: |  1  2  3 |
---------------+----------+-----
Unarmed Combat | 3 |  3.7
Shields        | 3 |  3.0
Fighting       | |  2.9
Dodging        | |  2.4

Action                   |  1- 3 |  4- 6 || total
-------------------------+-------+-------++-------
Melee: Unarmed           |    82 |    28 ||   110
  Use: Potion            |       |     2 ||     2
 Stab: Sleeping          |     1 |       ||     1
  Eat: Chunk             |    18 |     1 ||    19
Armor: Robe              |    17 |     4 ||    21
Dodge: Dodged            |    21 |     3 ||    24
Block: Shield            |    24 |     4 ||    28
